 Dungeon Crawl Stone Soup version 0.31-a0-232-gb1c03b2570 (webtiles) character file.

Game seed: 8929974217956465544

491 qw the Shooter (level 7, -3/44 HPs)
             Began as a Gargoyle Hexslinger on July 7, 2023.
             Slain by a gnoll
             ... wielding a +0 spear
              (4 damage)
             ... on level 5 of the Dungeon.
             The game lasted 00:01:11 (3444 turns).

qw the Shooter (Gargoyle Hexslinger)                Turns: 3444, Time: 00:01:11

Health: -3/44      AC:  7    Str: 12    XL:     7   Next: 14%
Magic:  8/8        EV: 17    Int: 13    God:
Gold:   227        SH:  0    Dex: 14    Spells: 7/8 levels left

rFire   . . .        Y - +2 sling
rCold   . . .        (no shield)
rNeg    + . .        c - +0 robe
rPois   inf          (no helmet)
rElec   +            (no cloak)
rCorr   .            (no gloves)
SInv    .            b - +0 pair of boots
Will    +....        (no amulet)
Stlth   +            f - +5 ring of evasion
HPRegen 0.27/turn    a - ring of willpower
MPRegen 0.11/turn

%: no passive effects
@: no status effects
A: sickness immunity, AC +4, negative energy resistance 1, electricity
resistance, torment resistance 1, petrification resistance
a: no special abilities


You were on level 5 of the Dungeon.
You visited 1 branch of the dungeon, and saw 5 of its levels.

You collected 227 gold pieces.


Innate Abilities, Weirdness & Mutations

You are immune to sickness and miasma.
Your stone body is resilient. (AC +4)
You are immune to poison.
You resist negative energy. (rN+)
You are resistant to electric shocks. (rElec)
You are resistant to unholy torment.
You are immune to petrification.


   Skills:
 - Level 4.5 Fighting
 + Level 6.2 Ranged Weapons
 - Level 1.5 Dodging
 - Level 1.0 Spellcasting
 - Level 2.6 Hexes


You had 7 spell levels left.
You knew the following spells:

 Your Spells              Type           Power      Damage    Failure   Level
a - Slow                  Hex            28%        N/A       10%         1

Your spell library contained the following spells:

 Spells                   Type           Power      Damage    Failure   Level
 Inner Flame              Hex/Fire       4%         N/A       43%         3
 Portal Projectile        Hex/Tloc       8%         N/A       43%         3
 Cause Fear               Hex            3%         N/A       67%         4

Inventory:

Hand Weapons
 Y - a +2 sling (weapon)
Armour
 b - a +0 pair of boots (worn)
 c - a +0 robe (worn)
 g - a +0 ring mail
Jewellery
 a - a ring of willpower (right hand)
 f - a +5 ring of evasion (left hand)
Scrolls
 e - a scroll of identify
Potions
 d - a potion of mutation
 h - a potion of might
 i - a potion of curing
 j - a potion of brilliance {unknown}
 k - a potion of ambrosia {unknown}

Dungeon Overview and Level Annotations

Branches:
Dungeon (5/15)
 Temple: D:4-7

Altars:
Makhleb

Annotations:
D:5 exclusion: 3 gnolls


Message History

The gnoll closely misses you.
You shoot a sling bullet. The sling bullet hits the gnoll.
The gnoll is heavily wounded.
The gnoll hits you from afar with a +0 halberd of protection.
You shoot a sling bullet.
The sling bullet barely misses the gnoll.
The gnoll barely misses you. The gnoll closely misses you.
The gnoll hits you from afar with a +0 spear.
You shoot a sling bullet. The sling bullet hits the gnoll.
The gnoll is severely wounded.
The gnoll hits you from afar with a +0 spear!
The gnoll hits you from afar with a +0 spear.
The gnoll hits you but does no damage.
Enter note:
3438 ||| UPGRADING to +0 ring mail.
The gnoll barely misses you. The gnoll misses you.
The gnoll closely misses you.
You start removing your armour.
You continue taking off your +0 robe.
The gnoll hits you from afar with a +0 spear.
You stop removing your armour.
The gnoll hits you from afar with a +0 spear!
The gnoll closely misses you.
3440 ||| UPGRADING to +0 ring mail.
The gnoll completely misses you. The gnoll barely misses you.
The gnoll closely misses you.
You start removing your armour.
You continue taking off your +0 robe.
The gnoll misses you. x2
The gnoll hits you from afar with a +0 halberd of protection!
You stop removing your armour.
3442 ||| UPGRADING to +0 ring mail.
The gnoll hits you from afar with a +0 spear.
You stop removing your armour.
The gnoll completely misses you. The gnoll barely misses you.
3443 ||| UPGRADING to +0 ring mail.
The gnoll completely misses you. The gnoll misses you.
The gnoll completely misses you.
You start removing your armour.
You continue taking off your +0 robe.
The gnoll barely misses you. The gnoll closely misses you.
The gnoll hits you from afar with a +0 spear.
You stop removing your armour.
You die...

########
#......#
#@####... #
####.)g.....
#.#..gg###....
#.#.##.# ..
#......#
###.##.....ggg
#.#######...
####...##
#.......#


You could see 3 gnolls.

Vanquished Creatures
  Sigmund (D:3)
  An ice beast (D:5)
  4 hounds (D:4)
  An iguana (D:4)
  An orc wizard (D:5)
  A gnoll (D:5)
  A worm (D:2)
  2 dart slugs
  3 orcs (D:5)
  5 ball pythons
  6 bats
  7 endoplasms
  2 giant cockroaches
  4 goblins
  8 hobgoblins
  7 kobolds
  5 quokkas
  2 frilled lizards (D:1)
  2 rats
63 creatures vanquished.

Notes
Turn   | Place    | Note
-------+----------+-------------------------------------------
     0 | D:1      | qw the Gargoyle Hexslinger began the quest for the Orb.
     0 | D:1      | Reached XP level 1. HP: 12/12 MP: 2/2
     0 | D:1      | 0 ||| qw: Version: 0.3-a-46-gb1f654a
     0 | D:1      | 0 ||| qw: Game counter: 2696
     0 | D:1      | 0 ||| qw: Melee chars always use a shield: true
     0 | D:1      | 0 ||| qw: God list: Okawaru
     0 | D:1      | 0 ||| qw: Allow faded altars: false
     0 | D:1      | 0 ||| qw: Do Orc after clearing Dungeon:15 true
     0 | D:1      | 0 ||| qw: Do second Lair branch before Depths: true
     0 | D:1      | 0 ||| qw: Lair rune preference: random
     0 | D:1      | 0 ||| qw: Goals: Normal
     0 | D:1      | 0 ||| PLANNING D:1-11
   187 | D:1      | Reached XP level 2. HP: 15/16 MP: 3/3
   284 | D:1      | Reached skill level 3 in Ranged Weapons
   674 | D:1      | Found a faded altar of an unknown god.
   677 | D:1      | Reached XP level 3. HP: 21/21 MP: 4/4
   793 | D:1      | 793 ||| UPGRADING to +5 ring of evasion.
   794 | D:1      | 794 ||| READING scroll labelled EMECRE BOPHO.
   795 | D:1      | 795 ||| READING 2 scrolls labelled DOBETUCISO.
   796 | D:1      | 796 ||| DROPPING scroll of poison.
  1105 | D:2      | 1105 ||| FLEEEEING.
  1108 | D:2      | 1108 ||| FLEEEEING.
  1111 | D:2      | 1111 ||| FLEEEEING.
  1112 | D:2      | 1112 ||| FLEEEEING.
  1114 | D:2      | 1114 ||| FLEEEEING.
  1116 | D:2      | 1116 ||| STAIRDANCE
  1142 | D:1      | 1142 ||| READING scroll labelled KODWUKKIFE.
  1449 | D:2      | 1449 ||| DROPPING amulet of magic regeneration.
  1450 | D:2      | 1450 ||| UPGRADING to ring of willpower.
  1735 | D:3      | Found a burning altar of Makhleb.
  1742 | D:3      | Identified the +1 whip "Edoqyabb" {heavy, rF+ rC+}
  1812 | D:3      | 1812 ||| READING scroll labelled JUXIEX MUWKACH.
  1813 | D:3      | 1813 ||| DRINKING 3 fuming emerald potions.
  1814 | D:3      | 1814 ||| READING 2 scrolls of identify.
  1814 | D:3      | 1814 ||| IDENTIFYING dark potion
  2129 | D:3      | Noticed Sigmund
  2138 | D:3      | HP: 4/21 [Sigmund/magic dart (8)]
  2139 | D:3      | 2139 ||| DRINKING 2 potions of heal wounds.
  2145 | D:3      | Killed Sigmund
  2146 | D:3      | Reached skill level 5 in Ranged Weapons
  2146 | D:3      | Reached XP level 4. HP: 26/26 MP: 5/5
  2146 | D:3      | Reached XP level 5. HP: 30/30 MP: 6/6
  2352 | D:3      | 2352 ||| READING scroll labelled DAMIAGAH NIYSU.
  2373 | D:3      | 2373 ||| READING scroll labelled RARHAN JIRUGH.
  2374 | D:3      | 2374 ||| READING scroll labelled MADERGH CEORAPN.
  2375 | D:3      | 2375 ||| READING 4 scrolls of identify.
  2375 | D:3      | 2375 ||| IDENTIFYING pink potion
  2376 | D:3      | 2376 ||| READING 3 scrolls of identify.
  2376 | D:3      | 2376 ||| IDENTIFYING silvery potion
  2377 | D:3      | 2377 ||| READING 2 scrolls of identify.
  2377 | D:3      | 2377 ||| IDENTIFYING bubbling purple potion
  2378 | D:3      | 2378 ||| DROPPING potion of attraction.
  2499 | D:4      | Reached XP level 6. HP: 30/36 MP: 7/7
  2919 | D:4      | Reached skill level 3 in Fighting
  2982 | D:4      | Reached skill level 6 in Ranged Weapons
  3212 | D:4      | 3212 ||| UPGRADING to +0 pair of boots.
  3217 | D:4      | 3217 ||| READING scroll labelled VULEIV PATUWK.
  3233 | D:5      | Entered Level 5 of the Dungeon
  3234 | D:5      | 3234 ||| PLANNING OSSUARY
  3240 | D:5      | 3240 ||| STAIRDANCE
  3250 | D:4      | HP: 8/37 [iguana (3)]
  3251 | D:4      | 3251 ||| DRINKING potion of heal wounds.
  3270 | D:5      | Noticed an ice beast
  3297 | D:5      | Killed an ice beast
  3298 | D:5      | Reached XP level 7. HP: 44/44 MP: 8/8
  3426 | D:5      | 3426 ||| Stepping ~*~*~tactically~*~*~ (outnumbered).
  3438 | D:5      | 3438 ||| UPGRADING to +0 ring mail.
  3439 | D:5      | HP: 11/44 [gnoll/+0 spear (7)]
  3440 | D:5      | 3440 ||| UPGRADING to +0 ring mail.
  3441 | D:5      | HP: 4/44 [gnoll/+0 halberd of protection (8)]
  3442 | D:5      | 3442 ||| UPGRADING to +0 ring mail.
  3442 | D:5      | HP: 1/44 [gnoll/+0 spear (3)]
  3443 | D:5      | 3443 ||| UPGRADING to +0 ring mail.
  3444 | D:5      | Slain by a gnoll

Levels and vault maps discovered:
D:1:      roderic_crop_circles_arrival_small, layout_basic,
          basic_ecumenical_altar
D:2:      layout_loops_ring, nrook_mini_backslash, minmay_close_crescents
D:3:      layout_basic, bloody_makhleb, item_on_display_a, uniq_sigmund
D:4:      layout_basic, chequers_serial_rivers_micro_a, minmay_misc_feat_rugged
D:5:      layout_loops_cross, marbit_many_paths, grunt_temple_overflow_open,
          minmay_temple_entry_butterflies, enter_ossuary_5, minivault_14,
          uniq_menkaure

Skill      XL: |  1  2  3  4  5  6 |
---------------+-------------------+-----
Ranged Weapons | 3 5 6 |  6.2
Fighting       | 2 4 |  4.5
Dodging        | |  1.5
Spellcasting   | |  1.0
Hexes          | |  2.6

Action                     |  1- 3 |  4- 6 |  7- 9 || total
---------------------------+-------+-------+-------++-------
   Fire: Sling             |   126 |    99 |    28 ||   253
    Use: Scroll            |     5 |     7 |       ||    12
         Potion            |     2 |     1 |       ||     3
 Armour: Robe              |    10 |    13 |     8 ||    31
  Dodge: Dodged            |    33 |    51 |    40 ||   124

Table legend:
 A = Non-vault XP
 B = Vault XP
 C = Vault XP percentage of total XP
 D = Non-vault monster count
 E = Vault monster count
 F = Vault count percentage of total count
                 A         B        C        D         E       F
            +---------+---------+-------+---------+---------+-------
      Total |     479 |     223 |  31.8 |      59 |       4 |   6.3
            +---------+---------+-------+---------+---------+-------
        D:1 |      34 |       0 |   0.0 |      18 |       0 |   0.0
        D:2 |      24 |       9 |  27.3 |      13 |       3 |  18.8
        D:3 |      10 |     214 |  95.5 |       6 |       1 |  14.3
        D:4 |     227 |       0 |   0.0 |      16 |       0 |   0.0
        D:5 |     184 |       0 |   0.0 |       6 |       0 |   0.0
            +---------+---------+-------+---------+---------+-------
